 Dungeon Crawl Stone Soup version 0.30-a0-632-g346586fe48 (webtiles) character file.

Game seed: 9242879843778145770

2323 wormed the Shield-Bearer (level 9, -19/69 HPs)
             Began as a Formicid Fighter on Jan 14, 2023.
             Was an Initiate of Ru.
             Demolished by a two-headed ogre
             ... wielding a +0 giant club
              (23 damage)
             ... on level 7 of the Dungeon.
             The game lasted 00:06:03 (6453 turns).

wormed the Shield-Bearer (Formicid Fighter)         Turns: 6453, Time: 00:06:04

Health: -19/69     AC: 11    Str: 23    XL:     9   Next: 69%
Magic:  9/9        EV: 10    Int:  8    God:    Ru [......]
Gold:   323        SH:  7    Dex: 21    Spells: 8/8 levels left

rFire   . . .      SeeInvis +    m - +3 whip (elec)
rCold   . . .      Faith    .    c - +0 buckler
rNeg    . . .      Spirit   .    A - +0 chain mail
rPois   .          Reflect  .    (helmet unavailable)
rElec   .          Harm     .    d - +0 cloak
rCorr   .          Rampage  .    (no gloves)
Will    .....                    (no boots) Stlth
                                 B - amulet of regeneration
HPRegen 1.11/turn                s - +6 ring of dexterity
MPRegen 0.11/turn                (no ring)

@: no status effects
A: permanent stasis, dig shafts and tunnels, antennae 3, no stealth, four strong
arms
a: Dig, Shaft Self, Renounce Religion


You were on level 7 of the Dungeon.
You worshipped Ru.
Ru was noncommittal.
You visited 2 branches of the dungeon, and saw 8 of its levels.

You collected 323 gold pieces.

Inventory:

Hand Weapons
 a - a +1 war axe
 m - a +3 whip of electrocution (weapon)
Missiles
 x - 6 poisoned darts
 y - a curare-tipped dart
 E - 4 javelins
Armour
 c - a +0 buckler (worn)
 d - a +0 cloak (worn)
 A - a +0 chain mail (worn)
Jewellery
 o - an amulet of magic regeneration
 s - a +6 ring of dexterity (left hand)
 u - a ring of wizardry
 B - an amulet of regeneration (around neck)
Wands
 z - a wand of roots (2)
 C - a wand of digging (6)
Scrolls
 g - a scroll of noise
 n - 2 scrolls of enchant weapon
 p - a scroll of amnesia
 r - 3 scrolls of identify
Potions
 e - 3 potions of mutation
 f - 2 potions of brilliance {unknown}
 h - a potion of lignification {unknown}
 i - a potion of heal wounds {unknown}
 j - a potion of haste {unknown}
 k - a potion of ambrosia {unknown}
 l - a potion of degeneration {unknown}
 q - 4 potions of curing {unknown}
 t - a potion of attraction {unknown}
 v - a potion of invisibility {unknown}


   Skills:
 + Level 6.3 Fighting
 * Level 7.4 Axes
 + Level 6.4 Armour
 + Level 4.3 Dodging
 + Level 7.7 Shields


You had 8 spell levels left.
You didn't know any spells.
Your spell library contained the following spells:

 Spells                   Type           Power      Damage    Failure   Level
 Shock                    Conj/Air       0%         1d3       98%         1
 Spider Form              Tmut/Pois      0%         N/A       100%        3
 Vhi's Electric Charge    Tloc/Air       0%         N/A       100%        3
 Airstrike                Air            0%         2d(0-16)  100%        4
 Manifold Assault         Tloc           0%         N/A       100%        4
 Arcjolt                  Conj/Air       0%         1d10      100%        5
 Blade Hands              Tmut           0%         N/A       100%        5
 Dispersal                Tloc           0%         N/A       100%        6
 Ozocubu's Refrigeration  Ice            0%         4d7       100%        7
 Disjunction              Tloc           0%         N/A       100%        8
 Maxwell's Capacitive Co  Air            0%         ∞         100%        8
 Swiftness                Air            Unusable   N/A       N/A         3

Dungeon Overview and Level Annotations

Branches:
Dungeon (7/15)             Temple (1/1) D:4

Altars:
Ashenzari
Cheibriados
Elyvilon
Gozag
Kikubaaqudgha
Makhleb
Qazlal
Ru
Sif Muna
Trog
Uskayaw
Wu Jian
Xom


Innate Abilities, Weirdness & Mutations

You cannot be hasted, slowed, berserked, paralysed or teleported.
You can dig through walls and to a lower floor.
You have a pair of large antennae on your head. (SInv)
You cannot be stealthy.
Your four strong arms can wield two-handed weapons with a shield.


Message History

You hit the two-headed ogre.
The two-headed ogre is lightly wounded.
You completely miss the two-headed ogre.
The two-headed ogre is lightly wounded.
The two-headed ogre barely misses you.
The two-headed ogre hits you with a +0 giant spiked club!!
You hit the two-headed ogre.
The two-headed ogre is lightly wounded.
You hit the two-headed ogre.
Lightning courses through the two-headed ogre!
The two-headed ogre is moderately wounded.
The two-headed ogre hits you with a +0 giant club!!
You block the two-headed ogre's attack.
You hit the two-headed ogre.
The two-headed ogre is heavily wounded.
The two-headed ogre barely misses you.
The two-headed ogre hits you with a +0 giant spiked club.
You hit the two-headed ogre.
The two-headed ogre is heavily wounded.
You barely miss the two-headed ogre.
The two-headed ogre is heavily wounded.
The two-headed ogre closely misses you. You block the two-headed ogre's attack.
You barely miss the two-headed ogre.
The two-headed ogre is heavily wounded.
You whack the two-headed ogre!
The two-headed ogre is severely wounded.
The two-headed ogre hits you but does no damage.
The two-headed ogre hits you with a +0 giant spiked club!
* * * LOW HITPOINT WARNING * * *
You hit the two-headed ogre but do no damage.
The two-headed ogre is severely wounded.
You closely miss the two-headed ogre.
The two-headed ogre is severely wounded.
The two-headed ogre hits you with a +0 giant club!
* * * LOW HITPOINT WARNING * * *
The two-headed ogre barely misses you.
You whack the two-headed ogre!
The two-headed ogre is almost dead.
The two-headed ogre hits you with a +0 giant club!!
You die...

..###.....##
#.##### #.#
#(# #.# #.#
#.# #.######
#...@O.#
######.# #


You could see a two-headed ogre.

Vanquished Creatures
  Pikel (D:6)
  Sigmund (D:3)
  Eustachio (D:5)
  An ice beast (D:6)
  A black bear (D:6)
  An ogre (D:5)
  2 lemures (D:6)
  A kobold brigand (D:6)
  2 bullfrogs
  3 scorpions
  2 jellies
  3 howler monkeys
  7 hounds
  3 orc priests
  Crazy Yiuf (D:2)
  2 iguanas (D:5)
  Jessica (D:2)
  An orc wizard (D:5)
  Natasha (D:2)
  Robin (D:3)
  4 gnolls (D:4)
  10 adders
  A white imp (D:5)
  An ufetubus (D:6)
  2 dart slugs
  9 orcs
  3 endoplasms
  3 giant cockroaches
  10 goblins
  7 hobgoblins
  11 jackals
  5 quokkas
  5 ball pythons
  5 bats (D:1)
  4 frilled lizards
  8 kobolds
  5 rats
129 creatures vanquished.

Notes
Turn   | Place    | Note
-------+----------+-------------------------------------------
     0 | D:1      | wormed the Formicid Fighter began the quest for the Orb.
     0 | D:1      | Reached XP level 1. HP: 18/18 MP: 1/1
    36 | D:1      | Reached XP level 2. HP: 19/24 MP: 2/2
   407 | D:1      | Reached XP level 3. HP: 20/29 MP: 3/3
   821 | D:2      | Noticed Jessica
   835 | D:2      | Killed Jessica
   836 | D:2      | Reached skill level 1 in Dodging
   836 | D:2      | Reached XP level 4. HP: 34/36 MP: 4/4
   952 | D:2      | Noticed Natasha
   964 | D:2      | Killed Natasha
  1442 | D:2      | Reached XP level 5. HP: 37/42 MP: 5/5
  1638 | D:2      | Found a runed translucent door.
  1639 | D:2      | Noticed Crazy Yiuf
  1727 | D:2      | HP: 1/42 [Crazy Yiuf/+4 quarterstaff of chaos (11)]
  1728 | D:2      | Killed Crazy Yiuf
  2095 | D:3      | Reached skill level 5 in Shields
  2095 | D:3      | Reached XP level 6. HP: 39/48 MP: 6/6
  2178 | D:3      | Noticed Robin
  2187 | D:3      | Killed Robin
  2334 | D:3      | Noticed Sigmund
  2345 | D:3      | Killed Sigmund
  2346 | D:3      | Reached XP level 7. HP: 55/55 MP: 7/7
  2516 | D:3      | Got the Parchment of the Wintry Body
  2767 | D:4      | Found a staircase to the Ecumenical Temple.
  2788 | Temple   | Entered the Ecumenical Temple
  2836 | Temple   | Became a worshipper of Ru the Awakened
  3307 | D:4      | Reached skill level 5 in Axes
  3417 | D:4      | Reached XP level 8. HP: 61/61 MP: 8/8
  3740 | D:5      | Entered Level 5 of the Dungeon
  4000 | D:5      | Reached skill level 5 in Armour
  4045 | D:5      | Reached skill level 5 in Fighting
  4285 | D:5      | Gained mutation: You cannot be stealthy. [Ru sacrifice]
  4654 | D:5      | Noticed Eustachio
  4662 | D:5      | Killed Eustachio
  5536 | D:6      | Reached XP level 9. HP: 64/68 MP: 9/9
  5567 | D:6      | Noticed Pikel
  5580 | D:6      | Killed Pikel
  6439 | D:7      | Noticed a two-headed ogre
  6452 | D:7      | HP: 3/69 [two-headed ogre/+0 giant club (17)]
  6453 | D:7      | Demolished by a two-headed ogre

Illustrated notes

Levels and vault maps discovered:
D:1:      tarquinn_simple_flora_water_b, layout_loops_ring
D:2:      layout_loops_corners, uniq_jessica, uniq_crazy_yiuf_cottage,
          uniq_natasha
D:3:      layout_basic, kennysheep_generic_room_6, uniq_sigmund, uniq_robin
D:4:      layout_loops_cross, minmay_temple_entry_overgrown,
          minmay_misc_feat_alley
D:5:      layout_basic, uniq_eustachio
D:6:      layout_basic, uniq_pikel
D:7:      layout_loops_ring, kennysheep_little_box,
          grunt_temple_overflow_holy_war, serial_glass, glass_columns_a,
          glass_columns_a, uniq_menkaure
Temple:   nicolae_temple_bog_church

Skill      XL: |  1  2  3  4  5  6  7  8  9 |
---------------+----------------------------+-----
Dodging        | 1 2 3 4 |  4.3
Axes           | 3 4 5 6 7 |  7.4
Fighting       | 4 5 6 |  6.3
Armour         | 4 5 6 |  6.4
Shields        | 5 6 7 |  7.7

Action                   |  1- 3 |  4- 6 |  7- 9 || total
-------------------------+-------+-------+-------++-------
Melee: War axe           |    77 |    90 |   162 ||   329
       Whip              |       |       |    75 ||    75
Invok: Sacrifice Stealth |       |       |     1 ||     1
  Use: Potion            |       |     2 |       ||     2
       Scroll            |       |       |    11 ||    11
Armor: Scale mail        |    35 |    38 |    70 ||   143
       Chain mail        |       |       |    12 ||    12
Dodge: Dodged            |    47 |    37 |   114 ||   198
Block: Buckler           |    24 |    20 |    74 ||   118

Table legend: (Time is in decaauts)
 A = Elapsed time spent in this place.
 B = Non-inter-level travel time spent in this place.
 C = Inter-level travel time spent in this place.
 D = Time resting spent in this place.
 E = Time spent auto-exploring this place.
 F = Levels seen in this place.
 G = Mean time per level.
                   A        B        C        D        E       F      G
               +--------+--------+--------+--------+--------+-----+--------+
         Total |   6554 |   6288 |    266 |    126 |   5101 |   8 |  819.2 |
       Dungeon |   6488 |   6237 |    251 |    126 |   5068 |   7 |  926.9 |
        Temple |     65 |     50 |     15 |      0 |     33 |   1 |   65.0 |
               +--------+--------+--------+--------+--------+-----+--------+

Top non-repeatable levels by time:
     D:6: 1330 daAuts
     D:5: 1317 daAuts
     D:2: 1196 daAuts
     D:4: 1103 daAuts
     D:1: 774 daAuts
     D:3: 720 daAuts
  Temple: 65 daAuts
     D:7: 46 daAuts
